 Dungeon Crawl Stone Soup version 0.28.0-47-ge53b351184 (webtiles) character file.

Game seed: 14441311477407718260

9 Peloso the Skirmisher (level 2, 0/27 HPs)
             Began as a Minotaur Fighter on Apr 29, 2022.
             Slain by Sigmund
             ... wielding a +0 scythe
              (3 damage)
             ... on level 2 of the Dungeon.
             The game lasted 00:01:09 (1330 turns).

Peloso the Skirmisher (Minotaur Fighter)            Turns: 1330, Time: 00:01:09

Health: 0/27       AC:  7    Str: 17 (20) XL:     2   Next: 3%
Magic:  1/1        EV:  5    Int:  4 (5)  God:
Gold:   53         SH: 10    Dex:  6 (9)  Spells: 1/1 levels left

rFire   . . .      SeeInvis .   a - +0 long sword
rCold   . . .      Faith    .   e - +0 tower shield
rNeg    . . .      Spirit   .   b - +0 scale mail
rPois   .          Reflect  .   (helmet restricted)
rElec   .          Harm     .   (no cloak)
rCorr   .          Rampage  .   (no gloves)
Will    .....                   (no boots)
Stlth   ..........              (no amulet)
HPRegen 0.09/turn               (no ring)
MPRegen 0.07/turn               (no ring)

@: no status effects
A: horns 2, retaliatory headbutt
a: no special abilities


You were on level 2 of the Dungeon.
You visited 1 branch of the dungeon, and saw 2 of its levels.

You collected 53 gold pieces.

Inventory:

Hand Weapons
 a - a +0 long sword (weapon)
Armour
 b - a +0 scale mail (worn)
 c - a +0 buckler
 e - a +0 tower shield (worn)
Potions
 d - a potion of might


   Skills:
 + Level 3.9 Fighting
 + Level 2.6 Long Blades
 + Level 3.8 Armour
 + Level 3.7 Shields


You had one spell level left.
You didn't know any spells.
Your spell library was empty.

Dungeon Overview and Level Annotations

Branches:
Dungeon (2/15)

Altars:

Annotations:
D:2 Sigmund


Innate Abilities, Weirdness & Mutations

You have a pair of horns on your head.
You reflexively headbutt those who attack you in melee.


Message History

You have reached level 2!
You drop a scroll labelled MAFUCZ ONET.
You see here a +0 tower shield.
e - a +0 tower shield You start removing your armour.
You continue taking off your +0 buckler. x4
You finish taking off your +0 buckler.
You start putting on your armour.
You continue putting on your +0 tower shield. x5
You finish putting on your +0 tower shield.
You see here a scroll labelled MAFUCZ ONET.
Found 27 stones.
You now have 38 gold pieces (gained 6).
You now have 53 gold pieces (gained 15).
Found an escape hatch in the ceiling.
Key pressed, stopping explore.
Sigmund the Dreaded comes into view.
He is wielding a +0 scythe.
Sigmund shouts!
Sigmund points at you and mumbles some strange words.
The magic dart hits you.
Sigmund is nearby!
Found 15 sling bullets.
Sigmund gestures at you while chanting. The magic dart hits you!
You slash Sigmund!
Sigmund is heavily wounded.
Sigmund casts a spell.
Sigmund flickers and vanishes!
Deactivating autopickup; reactivate with Ctrl-A.
You block something's attack.
You closely miss something.
You hear some strange, mumbled words.
A puff of flame appears from out of thin air!
The puff of flame hits you.
You closely miss something. Something hits you.
* * * LOW HITPOINT WARNING * * *
You hit something. Your headbutt misses something. Something hits you.
* * * LOW HITPOINT WARNING * * *
Something hits you.
You die...

#.#######.#
#...............# # #.#
#..##..###>.#.♣.♣
#.#####...........#.♣..
#............###..#.♣♣.
########.#..## #....♣♣.
#.#..# #.##.♣♣P #####
#.#..# #.##.#♣♣
...(..###.#..# #.##.#
#..{@.....# #.#
##.###........ #
#.#.##### #.#.# #.#..
#.# ## #.# .#


There were no monsters in sight!

Vanquished Creatures
  2 endoplasms
  2 kobolds (D:1)
  A ball python (D:2)
  3 bats (D:1)
  A frilled lizard (D:1)
9 creatures vanquished.

Notes
Turn   | Place    | Note
-------+----------+-------------------------------------------
     0 | D:1      | Peloso the Minotaur Fighter began the quest for the Orb.
     0 | D:1      | Reached XP level 1. HP: 19/19 MP: 0/0
   510 | D:1      | Found a faded altar of an unknown god.
  1229 | D:2      | Reached XP level 2. HP: 24/27 MP: 1/1
  1324 | D:2      | Noticed Sigmund
  1330 | D:2      | Slain by Sigmund

Illustrated notes

Levels and vault maps discovered:
D:1:      lightli_iron_boxes, layout_loops_cross,
          shapermc_ecumenical_altar_pompeii
D:2:      layout_loops_ring, serial_forest, infiniplex_forest_diagonal,
          infiniplex_forest_lined_room_2, infiniplex_forest_end_2,
          infiniplex_forest_lined_1, infiniplex_forest_clump_medium,
          infiniplex_forest_diagonal, infiniplex_forest_straight_4,
          grunt_ministairs_10, hangedman_decor_riveting, uniq_sigmund,
          uniq_terence, uniq_natasha

Action                   || total
-------------------------++-------
Melee: Long sword        ||    20
       Headbutt          ||     2
  Use: Potion            ||     3
       Scroll            ||     2
Armor: Scale mail        ||     5
Dodge: Dodged            ||    11
Block: Buckler           ||     5
       Tower shield      ||     1
